 Dungeon Crawl Stone Soup version 0.27.1 (webtiles) character file.

Game seed: 7064196893529592209

37069 karkarkar the Destroyer (level 13, 0/96 HPs)
             Began as a White Draconian Conjurer on Aug 26, 2021.
             Was the Champion of Cheibriados.
             Splashed by an oklob plant's acid (12 damage)
             ... on level 3 of the Lair of Beasts on Aug 29, 2021.
             The game lasted 03:11:40 (26835 turns).

karkarkar the Destroyer (White Draconian Conjurer) Turns: 26835, Time: 03:11:41

Health: 0/96       AC:  6    Str: 29    XL:     13   Next: 56%
Magic:  26/26      EV: 19    Int: 40    God:    Cheibriados [******]
Gold:   1305       SH:  0    Dex: 26    Spells: 9/30 levels left

rFire    . . .     SeeInvis .   p - staff of death
rCold    + + .     Faith    .   (no shield)
rNeg     + . .     Spirit   .   (armour unavailable)
rPois    +         Reflect  .   A - +2 hat {Stlth+}
rElec    +         Harm     .   l - +1 cloak {rPois}
rCorr    .         Rampage  .   c - +0 pair of gloves
Will     .....                  r - +0 pair of boots
Stlth    +++++.....             H - amulet of magic regeneration
HPRegen  0.26/turn              b - +6 ring of intelligence
MPRegen  0.45/turn              G - ring of Sloth {rElec rC+ AC+4 Str+3 Dex-2}

@: corroded, very slow
A: breathe frost, AC +8, unfitting armour, cold resistance 1, cold-blooded
a: Breathe Frost, Renounce Religion, Bend Time, Temporal Distortion, Slouch,
Step From Time


You were on level 3 of the Lair of Beasts.
You worshipped Cheibriados.
Cheibriados was exalted by your worship.
You visited 4 branches of the dungeon, and saw 17 of its levels.

You collected 3510 gold pieces.
You spent 2205 gold pieces at shops.

Inventory:

Hand Weapons
 h - a +0 morningstar of holy wrath
 F - a +2 war axe of flaming
Missiles
 s - 32 boomerangs
Armour
 c - a +0 pair of gloves (worn)
 l - a +1 cloak of poison resistance (worn)
 r - a +0 pair of boots (worn)
 A - a +2 hat of stealth (worn)
 I - a +2 kite shield of poison resistance
Magical Staves
 p - a staff of death (weapon)
Jewellery
 b - a +6 ring of intelligence (left hand)
 u - a ring of willpower
 v - a ring of positive energy
 G - the ring of Sloth (right hand) {rElec rC+ AC+4 Str+3 Dex-2}
   (You bought it in a shop on level 2 of the Orcish Mines)

   [ring of protection]

   AC:        It affects your AC (+4).
   Str:       It affects your strength (+3).
   Dex:       It affects your dexterity (-2).
   rC:        It protects you from cold.
   rElec:     It insulates you from electricity.
 H - an amulet of magic regeneration (around neck)
Wands
 m - a wand of iceblast (16)
 y - a wand of digging (3)
 E - a wand of paralysis (8)
Scrolls
 a - 4 scrolls of silence
 e - 3 scrolls of teleportation
 i - 4 scrolls of enchant armour
 n - 3 scrolls of noise
 o - 3 scrolls of enchant weapon
 t - 2 scrolls of blinking
 x - a scroll of amnesia
 C - a scroll of immolation
 D - a scroll of vulnerability
 K - a scroll of identify
Potions
 d - 2 potions of invisibility
 f - 3 potions of heal wounds
 g - 7 potions of curing
 j - 5 potions of flight
 k - 2 potions of attraction
 q - a potion of magic
 w - 2 potions of brilliance
 z - a potion of mutation
 J - a potion of lignification {unknown}
Miscellaneous
 B - a phial of floods


   Skills:
 + Level 3.8 Fighting
 - Level 0.4 Short Blades
 - Level 0.6(1.2) Maces & Flails
 + Level 1.6(1.8) Staves
 + Level 2.1 Throwing
 + Level 8.2 Dodging
 + Level 5.2 Stealth
 - Level 9.4 Spellcasting
 + Level 13.0 Conjurations
 - Level 7.5 Hexes
 - Level 1.0 Summonings
 - Level 6.2 Translocations
 - Level 1.5 Air Magic
 - Level 1.1 Poison Magic
 * Level 8.8 Invocations
 + Level 1.0 Evocations


You had 9 spell levels left.
You knew the following spells:

 Your Spells              Type           Power      Damage    Failure   Level
a - Magic Dart            Conj           100%       1d8       0%          1
b - Searing Ray           Conj           100%       3d7       0%          2
c - Mephitic Cloud        Conj/Pois/Air  57%        N/A       1%          3
d - Iskenderun's Mystic   Conj/Tloc      77%        2d15      1%          4
e - Summon Guardian Gole  Hex/Summ       52%        N/A       1%          3
f - Olgreb's Toxic Radia  Pois           27%        N/A       12%         4
g - Fulminant Prism       Conj/Hex       39%        3d18      1%          4

Your spell library contained the following spells:

 Spells                   Type           Power      Damage    Failure   Level
 Call Imp                 Summ           26%        N/A       1%          2
 Dazzling Flash           Conj/Hex       100%       N/A       1%          3
 Lightning Bolt           Conj/Air       33%        1d51      2%          5
 Irradiate                Conj/Tmut      31%        3d24      3%          5
 Ignite Poison            Fire/Tmut/Pois 21%        N/A       4%          3
 Orb of Destruction       Conj           44%        9d14      8%          7
 Bolt of Magma            Conj/Fire/Erth 26%        4d12      9%          5
 Silence                  Hex/Air        26%        N/A       9%          5
 Airstrike                Air            15%        N/A       10%         4
 Summon Lightning Spire   Summ/Air       29%        N/A       11%         4
 Agony                    Necr           28%        N/A       45%         5
 Blade Hands              Tmut           9%         N/A       45%         5
 Spellforged Servitor     Conj/Summ      33%        N/A       65%         7
 Dragon Form              Tmut           9%         N/A       100%        7
 Ozocubu's Refrigeration  Ice            9%         4d6       100%        7
 Storm Form               Tmut/Air       12%        N/A       100%        7
 Ignition                 Fire           9%         3d5       100%        8
 Maxwell's Capacitive Co  Air            15%        ∞         100%        8


Dungeon Overview and Level Annotations

Branches:
Dungeon (11/15)            Temple (1/1) D:5            Lair (3/6) D:11
 Shoals (0/4) Lair:2       Spider (0/4) Lair:2          Orc (2/2) D:9
    Elf (0/3) Orc:2

Altars:
Ashenzari
Cheibriados
Dithmenos
Elyvilon
Fedhas
Gozag
Qazlal
Ru
Sif Muna
Trog
Uskayaw
Vehumet
Wu Jian
The Shining One
Beogh

Shops:
D:3 *   D:7 =   D:8 (   D:9 ?   D:10 (   Orc:2 ([[=

Annotations:
D:8 exclusion: statue
Lair:3 exclusion: oklob plant


Innate Abilities, Weirdness & Mutations

You can breathe waves of freezing cold which knock back foes.
Your icy white scales are hard. (AC +8)
You cannot fit into any form of body armour.
Your flesh is cold resistant. (rC+)
You are cold-blooded and may be slowed by cold attacks.


Message History

Aim: an oklob plant (almost destroyed, 100% to hit)
The magic dart hits the oklob plant.
You destroy the oklob plant!
Cheibriados thoroughly appreciates the change of pace.
The oklob plant spits acid at you. The splash of acid hits you!
The acid corrodes you!
You are splashed with acid!
Aiming: Magic Dart (safe; 0% risk of failure)
Press: ? - help, Q - select action, (/) - cycle Shift-Dir - straight line, f - oklob plant
Aim: an oklob plant (100% to hit)
The magic dart hits the oklob plant but does no damage.
Unknown command.
Aiming: Magic Dart (safe; 0% risk of failure)
Press: ? - help, Q - select action, (/) - cycle Shift-Dir - straight line, f/p - oklob plant
Aim: an oklob plant (100% to hit)
The magic dart hits the oklob plant but does no damage.
Aiming: Magic Dart (safe; 0% risk of failure)
Press: ? - help, Q - select action, (/) - cycle Shift-Dir - straight line, f/p - oklob plant
Aim: an oklob plant (100% to hit)
The magic dart hits the oklob plant.
The oklob plant is lightly damaged.
Aiming: Magic Dart (safe; 0% risk of failure)
Press: ? - help, Q - select action, (/) - cycle Shift-Dir - straight line, f/p - oklob plant
Aim: an oklob plant (lightly damaged, 100% to hit)
The magic dart hits the oklob plant but does no damage.
The oklob plant is lightly damaged.
You start resting.
You are no longer corroded.
Really walk into a travel-excluded area?
The oklob plant spits acid at you. The splash of acid hits you!
The acid corrodes you!
You are splashed with acid!
The oklob plant spits acid at you. The splash of acid hits you!
The acid corrodes you!
You are splashed with acid!
* * * LOW HITPOINT WARNING * * *
The oklob plant spits acid at you. The splash of acid misses you.
The oklob plant spits acid at you. The splash of acid hits you!
* * * LOW HITPOINT WARNING * * *
The acid corrodes you!
You are splashed with acid!
You die... .P...................... ....P.P.....[............
PPP..?...................

...>...P.........#...##..
....$P...........##.#####
.P.)............#####
.!..P..........##
.............###
........@.....##
.............#.#
..............##
...............##
.......#........##
......##.........### #
.....[ ##........#.### ##
.....# ##...........###.
##..........##..


You could see an oklob plant.

Vanquished Creatures
  An orc warlord (Orc:2)
  Snorg (D:10)
  An ettin (Orc:1)
  3 hydras
  2 centaur warriors
  2 catoblepae
  4 two-headed ogres
  Urug (Lair:2)
  3 orc high priests (Orc:1)
  Nergalle (Orc:1)
  2 orc knights (Orc:2)
  4 orc sorcerers
  2 oklob plants (Lair:3)
  A cyclops (D:11)
  A manticore (Lair:2)
  6 elephants (Lair:2)
  2 black mambas
  Joseph (D:10)
  4 cane toads
  2 unseen horrors (D:11)
  A gargoyle (D:10)
  A komodo dragon (Lair:1)
  Maggie (D:10)
  2 rime drakes (Lair:3)
  3 trolls
  A wind drake (Lair:2)
  3 wyverns
  6 yaks (Lair:1)
  2 shadows
  Grum (D:11)
  A human (D:9)
  5 wargs
  2 water moccasins
  A floating eye (Lair:3)
  32 orc warriors
  A sky beast (D:8)
  A black bear (D:4)
  A necrophage (D:4)
  11 ogres
  9 centaurs
  23 wolves
  2 phantoms (D:7)
  3 kobold brigands
  Blork the orc (D:5)
  14 bullfrogs
  2 gnoll sergeants
  4 scorpions
  11 wights
  5 howler monkeys
  A crimson imp (D:8)
  4 centaur zombies
  A jelly (D:5)
  20 orc priests
  Crazy Yiuf (D:2)
  3 hounds
  2 centaur skeletons (D:7)
  3 iguanas
  Terence (D:2)
  25 orc wizards
  A killer bee zombie (D:8)
  A hound zombie (D:5)
  4 howler monkey zombies
  4 howler monkey skeletons
  7 gnolls
  7 adders
  2 white imps (D:7)
  An adder zombie (D:5)
  An adder skeleton (D:4)
  2 worms
  2 dart slugs (D:1)
  95 orcs
  5 bats
  7 endoplasms
  8 giant cockroaches
  11 goblins
  11 hobgoblins
  3 jackals (D:4)
  28 kobolds
  3 quokkas
  9 ball pythons
  A frilled lizard (D:2)
  A quokka skeleton (D:4)
  9 rats
  A bush (Lair:3)
479 creatures vanquished.

Vanquished Creatures (others)
  A troll (Orc:2)
  An orc warrior (D:7)
  10 fulminant prisms
  65 fungi
  22 plants
99 creatures vanquished.

Grand Total: 578 creatures vanquished

Notes
Turn   | Place    | Note
-------+----------+-------------------------------------------
     0 | D:1      | karkarkar the Draconian Conjurer began the quest for the
                  | Orb.
     0 | D:1      | Reached XP level 1. HP: 14/14 MP: 3/3
   244 | D:1      | Reached XP level 2. HP: 20/20 MP: 1/5
   247 | D:1      | Learned a level 2 spell: Searing Ray
  1100 | D:1      | Reached XP level 3. HP: 26/26 MP: 0/6
  1617 | D:2      | Found a runed translucent door.
  1618 | D:2      | Noticed Crazy Yiuf
  1658 | D:2      | Reached skill level 5 in Conjurations
  1674 | D:2      | Reached XP level 4. HP: 33/33 MP: 2/7
  1994 | D:2      | Noticed Terence
  2000 | D:2      | Killed Terence
  2001 | D:2      | Reached skill level 1 in Hexes
  2070 | D:2      | Found a faded altar of an unknown god.
  2106 | D:2      | Became a worshipper of Cheibriados the Contemplative
  2106 | D:2      | Reached * piety under Cheibriados
  2384 | D:2      | Killed Crazy Yiuf
  2385 | D:2      | Reached XP level 5. HP: 20/38 MP: 1/9
  2967 | D:3      | Reached ** piety under Cheibriados
  3040 | D:3      | Found Uviutat's General Store.
  3048 | D:3      | Bought a scroll of identify for 22 gold pieces
  3048 | D:3      | Bought a scroll of identify for 22 gold pieces
  3054 | D:3      | Bought a scroll of teleportation for 33 gold pieces
  3328 | D:3      | Found a white marble altar of Elyvilon.
  3992 | D:3      | Learned a level 3 spell: Mephitic Cloud
  4287 | D:4      | Found a blossoming altar of Fedhas.
  4466 | D:4      | Noticed a necrophage
  4466 | D:4      | Noticed a black bear
  5189 | D:4      | Killed a necrophage
  5189 | D:4      | Reached *** piety under Cheibriados
  5190 | D:4      | Reached skill level 6 in Conjurations
  5190 | D:4      | Reached XP level 6. HP: 46/46 MP: 4/10
  5244 | D:4      | Found an ornate altar of the Wu Jian Council.
  5497 | D:4      | Learned a level 4 spell: Iskenderun's Mystic Blast
  5666 | D:4      | Your scales start taking on an icy white colour.
  5666 | D:4      | Reached XP level 7. HP: 51/51 MP: 2/12
  5666 | D:4      | Gained mutation: Your flesh is cold resistant. (rC+) [White
                  | Draconian growth]
  5833 | D:5      | Entered Level 5 of the Dungeon
  6046 | D:5      | Noticed Blork the orc
  6053 | D:5      | Killed Blork the orc
  6054 | D:5      | Reached skill level 7 in Conjurations
  6192 | D:5      | Reached skill level 1 in Fighting
  6672 | D:5      | Found a staircase to the Ecumenical Temple.
  6679 | Temple   | Entered the Ecumenical Temple
  6985 | D:6      | Reached **** piety under Cheibriados
  6986 | D:6      | Reached skill level 1 in Translocations
  7213 | D:6      | Reached XP level 8. HP: 61/61 MP: 6/14
  7320 | D:6      | Found a shadowy altar of Dithmenos.
  7507 | D:6      | Learned a level 3 spell: Summon Guardian Golem
  7582 | D:6      | Found a bloodstained altar of Trog.
  8095 | D:7      | Reached skill level 8 in Conjurations
  8102 | D:7      | Found Rily's Jewellery Shop.
  8532 | D:7      | Reached skill level 1 in Air Magic
  8648 | D:7      | Noticed a troll
  8809 | D:7      | Reached XP level 9. HP: 61/67 MP: 0/16
  8823 | D:7      | Reached ***** piety under Cheibriados
  8824 | D:7      | Reached skill level 5 in Spellcasting
  8965 | D:7      | Noticed a seven-headed hydra
  8973 | D:7      | Killed a seven-headed hydra
  8974 | D:7      | Reached skill level 1 in Throwing
  8974 | D:7      | Reached skill level 9 in Conjurations
  9181 | D:7      | Noticed a centaur warrior
  9181 | D:7      | Noticed a boulder beetle
  9200 | D:7      | Killed a centaur warrior
  9201 | D:7      | Reached skill level 1 in Summonings
  9201 | D:7      | Reached skill level 1 in Poison Magic
  9354 | D:7      | Found an opulent altar of Gozag.
  9738 | D:7      | Found a stormy altar of Qazlal.
  9773 | D:7      | Reached skill level 5 in Hexes
  9773 | D:7      | Reached XP level 10. HP: 68/74 MP: 1/18
  9972 | D:7      | Reached skill level 1 in Invocations
 10188 | D:7      | Found a glowing golden altar of the Shining One.
 10886 | D:8      | Identified the +1 robe of the Cicada {*Corrode rElec Str+4}
 11053 | D:8      | Found a radiant altar of Vehumet.
 11143 | D:8      | Found Timmiblu's Weapon Boutique.
 11998 | D:8      | Noticed a centaur warrior
 12061 | D:8      | Noticed a boulder beetle
 12098 | D:8      | Noticed a +0 dagger
 12099 | D:8      | Noticed a +0 dagger
 12099 | D:8      | Noticed a +0 falchion
 12100 | D:8      | Noticed a +0 spear
 12100 | D:8      | Noticed a +0 short sword
 12100 | D:8      | Noticed a +0 falchion
 12101 | D:8      | Noticed a +0 short sword
 12192 | D:8      | Noticed a +0 spear
 12200 | D:8      | Found a hide-covered altar of Uskayaw.
 12788 | D:9      | Reached skill level 1 in Staves
 12936 | D:9      | Reached skill level 5 in Dodging
 13033 | D:9      | Noticed a centaur warrior
 13130 | D:9      | Killed a centaur warrior
 13130 | D:9      | Reached ****** piety under Cheibriados
 13131 | D:9      | Reached skill level 5 in Translocations
 13447 | D:9      | Found a staircase to the Orcish Mines.
 13879 | D:9      | Found Ofruammo's Magic Scroll Emporium.
 13887 | D:9      | Bought a scroll of identify for 30 gold pieces
 13887 | D:9      | Bought a scroll of identify for 30 gold pieces
 13887 | D:9      | Bought 3 scrolls of identify for 90 gold pieces
 13891 | D:9      | Identified a scroll of acquirement
 13893 | D:9      | Acquired 538 gold pieces
 14033 | D:10     | Entered Level 10 of the Dungeon
 14033 | D:10     | Noticed Joseph
 14042 | D:10     | Killed Joseph
 14043 | D:10     | Reached XP level 11. HP: 80/81 MP: 10/22
 14344 | D:10     | Noticed a two-headed ogre
 14470 | D:10     | Killed a two-headed ogre
 14661 | D:10     | Learned a level 4 spell: Olgreb's Toxic Radiance
 14814 | D:10     | Noticed Maggie
 14824 | D:10     | Killed Maggie
 14901 | D:10     | Found Helyrep's Weapon Shoppe.
 14902 | D:10     | Noticed Snorg
 15404 | D:10     | Killed Snorg
 15775 | D:11     | Noticed Grum
 16111 | D:11     | Killed Grum
 16348 | D:11     | Noticed a two-headed ogre
 16357 | D:11     | Killed a two-headed ogre
 16386 | D:11     | Noticed a two-headed ogre
 16418 | D:11     | Killed a two-headed ogre
 16530 | D:11     | Noticed a two-headed ogre
 16541 | D:11     | Killed a two-headed ogre
 16542 | D:11     | Reached skill level 5 in Invocations
 16656 | D:11     | Acquired 1239 gold pieces
 16868 | D:11     | Found a staircase to the Lair.
 16902 | D:11     | Found an opulent altar of Gozag.
 17067 | Orc:1    | Entered Level 1 of the Orcish Mines
 17068 | Orc:1    | Noticed an ettin
 17073 | Orc:1    | Noticed Nergalle
 17170 | Orc:1    | Killed Nergalle
 17287 | Orc:1    | Killed an ettin
 17288 | Orc:1    | Reached XP level 12. HP: 88/88 MP: 2/25
 17411 | Orc:1    | Noticed an orc high priest
 17525 | Orc:1    | Killed an orc high priest
 17851 | Orc:1    | Found a bloodstained altar of Trog.
 17974 | Orc:2    | Entered Level 2 of the Orcish Mines
 18185 | Orc:2    | Reached skill level 10 in Conjurations
 18341 | Orc:2    | Found a staircase to the Elven Halls.
 19386 | Orc:1    | Noticed an orc high priest
 20134 | Orc:1    | Killed an orc high priest
 20737 | Orc:2    | Reached skill level 11 in Conjurations
 20913 | Orc:2    | Found Negaf's Jewellery Emporium.
 21093 | Orc:2    | Found Dycumueh's Antique Armour Emporium.
 21149 | Orc:2    | Noticed an orc high priest
 21581 | Orc:2    | Noticed an orc warlord
 21606 | Orc:2    | Killed an orc warlord
 21791 | Orc:1    | Killed an orc high priest
 21977 | Orc:2    | Reached skill level 5 in Stealth
 22526 | Orc:2    | Found Osacot's Antique Armour Boutique.
 22528 | Orc:2    | Found Wuedith's Antique Weapon Shop.
 22547 | Orc:2    | Bought a runed hat for 224 gold pieces
 22598 | Orc:2    | Bought the ring of Sloth {rElec rC+ AC+4 Str+3 Dex-2} for
                  | 1004 gold pieces
 22600 | Orc:2    | Bought an amulet of magic regeneration for 510 gold pieces
 22738 | Orc:2    | Bought a glowing kite shield for 240 gold pieces
 23047 | Lair:1   | Entered Level 1 of the Lair of Beasts
 23058 | Lair:1   | Learned a level 4 spell: Fulminant Prism
 23716 | Lair:1   | Reached skill level 12 in Conjurations
 23724 | Lair:1   | Reached XP level 13. HP: 94/94 MP: 11/26
 24084 | Lair:2   | Found a staircase to the Shoals.
 24326 | Lair:2   | Noticed Urug
 24335 | Lair:2   | Killed Urug
 24724 | Lair:2   | Found a hole to the Spider Nest.
 25189 | Lair:3   | Reached skill level 1 in Evocations
 26662 | Lair:3   | Reached skill level 13 in Conjurations
 26835 | Lair:3   | Splashed by an oklob plant's acid

Illustrated notes

Levels and vault maps discovered:
D:1:      matt_arrival_refuge, layout_loops_ring, minivault_19
D:2:      minmay_general_purpose_star, layout_basic,
          dreamdust_ecumenical_altar_grove, minmay_misc_feat_iff,
          minmay_worlds_worst_comb, uniq_terence, uniq_crazy_yiuf_cottage
D:3:      layout_loops_ring, elyvilon_altar_3, serial_shops, shop,
          chequers_serial_rivers_micro_a, roderic_cross_of_infinity,
          serial_bayou_pond_e, minmay_shallow_snake_nest
D:4:      minmay_angry_zag, layout_layer_cave, kennysheep_mini_moat,
          mainiacjoe_overflow_six_doors_small,
          minmay_a_box_with_orc_wizards_in_it
D:5:      layout_rooms, minmay_temple_entry_nine_rooms, uniq_blork_the_orc
D:6:      layout_loops_ring, lemuel_doored_altar, mainiacjoe_overflow_alcove_4
D:7:      nzn_winding_woodlands_cross [nzn_winding_woodlands_5x15_jagged,
          nzn_winding_woodlands_5x15_longhouse,
          nzn_winding_woodlands_5x15_cabin, nzn_winding_woodlands_5x15_twine,
          nzn_winding_woodlands_15x15_boxy_spiral], layout_gridville,
          nicolae_qazlal_general_emergency, mainiacjoe_overflow_catch_the_wave,
          serial_shops, kennysheep_mini, small_statue_intersection
D:8:      minmay_slanted_spiral_squares, layout_loops_corners, vehumet_statue,
          nicolae_uskayaw_en_pointe, serial_shops, shop_fountains,
          minmay_fire_ice_demons
D:9:      layout_cave_pools, erik_orc_4, serial_shops, shop
D:10:     layout_basic, serial_shops, shop, uniq_joseph, uniq_maggie, uniq_snorg
D:11:     layout_rooms, lair_entry_dummy,
          nicolae_gozag_cash_rules_everything_around_me, uniq_grum
Temple:   nicolae_temple_hex_pool
Lair:1:   layout_concentric_octagons
Lair:2:   layout_small_grid, minmay_shoals_entry_beasts, spider_nest_entry_webs,
          nicolae_volcano_entry_hallway, uniq_urug
Lair:3:   layout_hall_layers, st_stairs_13, chequers_serial_rivers_room_b,
          disabler_island
Orc:1:    layout_diamond_mine, basic_altar, david_defended_altar_orc,
          uniq_nergalle
Orc:2:    grunt_orc_community_town_hall, layout_caves,
          grunt_orc_community_big_house_1, grunt_orc_community_big_house_2,
          grunt_orc_community_house_3, grunt_orc_community_house_3,
          grunt_orc_community_house_1, grunt_orc_community_house_3,
          nicolae_orc_damp_corner, nicolae_orc_bridge_out

Skill      XL: |  1  2  3  4  5  6  7  8  9 10 11 12 13 |
---------------+----------------------------------------+-----
Conjurations   | 5 6 7 8 9 12 13 | 13.0
Dodging        | 2 3 4 5 6 8 |  8.2
Stealth        | 2 3 4 5 |  5.2
Hexes          | 1 2 3 5 6 7 |  7.5
Spellcasting   | 3 4 5 7 9 |  9.4
Fighting       | 2 3 |  3.8
Translocations | 1 2 3 5 6 |  6.2
Air Magic      | 1 |  1.5
Throwing       | 1 2 |  2.1
Summonings     | 1 |  1.0
Poison Magic   | 1 |  1.1
Invocations    | 3 5 7 8 |  8.8
Staves         | 1 |  1.6
Evocations     | 1 |  1.0
Short Blades   | |  0.4
Maces & Flails | |  0.6

Action                   |  1- 3 |  4- 6 |  7- 9 | 10-12 | 13-15 || total
-------------------------+-------+-------+-------+-------+-------++-------
Melee: Short sword       |     3 |       |       |       |       ||     3
       Tailslap          |     1 |     6 |     1 |     3 |       ||    11
       Morningstar       |       |    22 |       |       |       ||    22
       Staff             |       |       |     9 |    10 |       ||    19
Throw: Boomerang         |       |       |     8 |     3 |       ||    11
 Cast: Magic Dart        |    41 |    54 |    63 |   169 |    24 ||   351
       Searing Ray       |    14 |    36 |    52 |   166 |    39 ||   307
       Mephitic Cloud    |       |     3 |     8 |    79 |     9 ||    99
       Iskenderun's Myst |       |       |    11 |   111 |    44 ||   166
       Summon Guardian G |       |       |     3 |     3 |       ||     6
       Olgreb's Toxic Ra |       |       |       |     1 |       ||     1
       Fulminant Prism   |       |       |       |     3 |     7 ||    10
 Abil: Breathe Frost     |       |       |    17 |     9 |       ||    26
Evoke: Wand              |       |     1 |     3 |     5 |       ||     9
  Use: Scroll            |       |     7 |     5 |     9 |     4 ||    25
Armor: Skin              |     9 |    37 |    33 |    66 |    71 ||   216
Dodge: Dodged            |     9 |    49 |    60 |   235 |   109 ||   462
